 Dungeon Crawl Stone Soup version 0.20-a0-709-gd40821f (webtiles) character file.

193 esteth the Insei (level 5, 0/38 HPs)
             Began as a Merfolk Transmuter on Feb 21, 2017.
             Slain by an orc priest
             ... wielding a +0 trident
              (10 damage)
             ... on level 3 of the Dungeon.
             The game lasted 00:09:49 (2848 turns).

esteth the Insei (Merfolk Transmuter)               Turns: 2848, Time: 00:09:49

Health: 0/38       AC:  3    Str: 10    XL:     5   Next: 72%
Magic:  2/8        EV: 14    Int: 14    God:
Gold:   150        SH:  0    Dex: 14    Spells: 1/8 levels left

rFire    . . .     SeeInvis .     - Unarmed
rCold    . . .     Gourm    .   b - +0 robe
rNeg     . . .     Faith    .   (no shield)
rPois    .         Spirit   .   (no helmet)
rElec    .         Reflect  .   (no cloak)
rCorr    .         Harm     .   m - +0 pair of gloves
MR       .....                  (no boots)
Stlth    +.........             (no amulet)
Regen    0.2/turn               (no ring)
MPRegen  0.2/turn               (no ring)

@: no status effects
A: change form in water, swift swim, stealthy swim
a: no special abilities


You were on level 3 of the Dungeon.
You were hungry.

You visited 1 branch of the dungeon, and saw 3 of its levels.

You collected 150 gold pieces.

Inventory:

Missiles
 a - 34 arrows (quivered)
Armour
 b - a +0 robe (worn)
 h - a cursed +0 ring mail
 l - a +0 buckler
 m - a +0 pair of gloves (worn)
Jewellery
 n - an uncursed amulet of guardian spirit {unknown}
 q - a +2 ring of protection {unknown}
 v - a cursed ring of fire {unknown}
Wands
 f - a wand of iceblast (5/15)
Scrolls
 e - a scroll of teleportation
 o - a scroll of remove curse
 s - a scroll of enchant armour {unknown}
 w - a scroll of enchant weapon
Potions
 g - a potion of ambrosia {unknown}
 i - a potion of brilliance {unknown}
 j - a potion of curing {unknown}
 k - a potion of flight {unknown}
 r - a potion of mutation {unknown}
 u - a potion of lignification {unknown}
Books
 c - a book of Changes

   Spells                             Type                      Level
   a - Beastly Appendage              Transmutation                1
   b - Sticks to Snakes               Transmutation                2
   c - Spider Form                    Transmutation/Poison         3
   d - Ice Form                       Ice/Transmutation            4
   e - Blade Hands                    Transmutation                5
Comestibles
 d - 5 bread rations
 p - 10 chunks of flesh
 t - a royal jelly


   Skills:
 + Level 2.2 Fighting
 + Level 3.8 Dodging
 - Level 5.1 Unarmed Combat
 - Level 2.0 Spellcasting
 + Level 4.5 Transmutations


You had one spell level left.
You knew the following spells:

 Your Spells              Type           Power        Failure   Level  Hunger
a - Beastly Appendage     Tmut           ##....       3%          1    ##.....
b - Sticks to Snakes      Tmut           ##......     6%          2    ###....
c - Ice Form              Ice/Tmut       #.......     89%         4    #####..


Dungeon Overview and Level Annotations

Branches:
Dungeon (3/15)

Altars:
Fedhas

Annotations:
D:3 1 runed door


Message History

The orc hits you but does no damage. x2; Your ball python bites the orc.
Your ball python grabs the orc.
Your ball python constricts the orc.
You hear a shout!
You hit the orc.
You kill the orc!
The orc priest closely misses you. The orc closely misses you.
Okay, then.
You punch the orc!
You kill the orc!
The orc priest hits you but does no damage.
Your ball python barely misses the orc priest.
Your ball python grabs the orc priest.
Your ball python constricts the orc priest.
Your adder bites the orc priest.
The orc priest is poisoned.
Your adder poisons the orc priest!
You hit the orc priest.
The orc priest is heavily wounded.
Your adder bites the orc priest.
The orc priest hits you from afar with a trident!
You die...

# #..####.###.. oo
#####..##....#.## o#
................# o#
###.#..#....###.# .#
#
#.#..#....###.#####.#
#
#.#..#..#.......o.oo#
#
#.#..##...##.o.######
# #.#..#######.o## #
#.#..# #.SS@#
###.#..# #....#
....#.## #...##
###...## ##.## #
##...#### #.##
###.......# ##.#
#........## #.##
#.#......# ##.#
#.##.....## #+#


You could see 2 orc priests, a friendly adder and a friendly ball python.

Vanquished Creatures
  A hound (D:3)
  Jessica (D:3)
  Terence (D:2)
  3 adders
  2 oozes (D:1)
  4 worms
  3 leopard geckos
  3 orcs (D:3)
  3 giant cockroaches
  6 goblins
  4 hobgoblins
  7 jackals
  5 bats
  3 frilled lizards
  6 kobolds
  6 rats
58 creatures vanquished.

Vanquished Creatures (collateral kills)
  Ijyb (D:2)
  An orc (D:3)
  A bat (D:3)
  A kobold (D:2)
4 creatures vanquished.

Vanquished Creatures (others)
  A fungus (D:3)
1 creature vanquished.

Grand Total: 63 creatures vanquished

Notes
Turn   | Place    | Note
-------+----------+-------------------------------------------
     0 | D:1      | esteth the Merfolk Transmuter began the quest for the Orb.
     0 | D:1      | Reached XP level 1. HP: 15/15 MP: 3/3
   286 | D:1      | Reached XP level 2. HP: 19/21 MP: 5/5
   336 | D:1      | Reached skill level 4 in Unarmed Combat
   724 | D:1      | Reached XP level 3. HP: 26/26 MP: 4/6
  1226 | D:2      | Reached skill level 5 in Unarmed Combat
  1397 | D:2      | Learned a level 2 spell: Sticks to Snakes
  1526 | D:2      | Reached XP level 4. HP: 32/32 MP: 7/7
  1548 | D:2      | Noticed Terence
  1557 | D:2      | Killed Terence
  1853 | D:2      | Noticed Ijyb
  1869 | D:2      | Killed Ijyb
  2292 | D:3      | Noticed Jessica
  2294 | D:3      | Reached XP level 5. HP: 38/38 MP: 8/8
  2320 | D:3      | Killed Jessica
  2610 | D:3      | Learned a level 4 spell: Ice Form
  2678 | D:3      | Found a blossoming altar of Fedhas.
  2806 | D:3      | Found a runed door.
  2848 | D:3      | Slain by an orc priest

Vault maps used:
D:1:      dpeg_arrival_chambers_temple_mockup, minmay_curled_crystal
D:2:      first_bread, uniq_iyjb, uniq_terence
D:3:      lemuel_coloured_pillars_altar, fedhas_altar_3, uniq_jessica,
          uniq_crazy_yiuf_cottage

Skill      XL: |  1  2  3  4  5 |
---------------+----------------+-----
Unarmed Combat | 4 5 |  5.1
Transmutations | 3 4 |  4.5
Dodging        | 3 |  3.8
Fighting       | 2 |  2.2
Spellcasting   | |  2.0

Action                   |  1- 3 |  4- 6 || total
-------------------------+-------+-------++-------
Melee: Unarmed           |   141 |   107 ||   248
       Headbutt          |     3 |       ||     3
       Punch             |       |     2 ||     2
 Cast: Beastly Appendage |     6 |       ||     6
       Sticks to Snakes  |       |    17 ||    17
  Use: Scroll            |     3 |     2 ||     5
 Stab: Sleeping          |       |     1 ||     1
       Distracted        |       |     2 ||     2
  Eat: Chunk             |     2 |     5 ||     7
Armor: Robe              |    17 |    16 ||    33
Dodge: Dodged            |    97 |    59 ||   156
